Map: Dusk Towers

Players

LindyHop - Winner!

  • Race: Zerg Zerg
  • League: Platinum

A.I. 1 (Medium)

  • Race: Protoss Protoss

VOD

Have the link to the VOD?

Description

Time

  • Played on: Jan. 9, 2016, 2:13 p.m.
  • Length: 10:10
Show
View Real Time Build Order
Export as new Build Order

LindyHop Zerg - Winner!

Build Orders: Hatch First 

Get SALT Encoding   

  12  0:01  Drone  
  13  0:12  Overlord  
  13  0:18  Drone  
  14  0:23  Extractor  
  14  0:24  Drone  
  15  0:31  Drone  
  15  0:34  Drone  
  17  0:55  Hatchery  
  16  0:58  Drone  
  16  1:03  Drone, Extractor  
  17  1:16  Spawning Pool  
  16  1:20  Drone  
  18  1:25  Drone  
  18  1:29  Drone  
  19  1:39  Overlord  
  19  1:49  Drone  
  20  2:05  Queen  
  20  2:06  Metabolic Boost  
  20  2:08  Queen  
  22  2:10  Zergling x2  
  22  2:12  Zergling x2  
  26  2:16  Drone  
  26  2:19  Drone  
  28  2:25  Overlord  
  28  2:37  Drone x2  
  30  2:52  Drone x3, Queen  
  35  3:12  Hatchery  
  34  3:19  Drone x2, Overlord  
  36  3:24  Drone x3  
  39  3:42  Drone x2  
  39  3:45  Lair  
  39  3:46  Roach Warren, Extractor  
  39  3:56  Drone x2  
  39  3:57  Drone x2  
  43  4:11  Drone x6  
  43  4:14  Extractor  
  43  4:15  Extractor  
  47  4:17  Queen  
  48  4:37  Drone x5  
  48  4:38  Drone  
  54  4:49  Drone x4, Spire  
  54  4:50  Overlord x2  
  57  5:05  Overlord x2  
  57  5:12  Drone x9  
  66  5:31  Zergling x2, Extractor  
  66  5:32  Zergling x16  
  66  5:33  Extractor  
  73  5:36  Queen  
  75  5:47  Overseer  
  75  5:55  Drone x3  
  75  5:56  Drone x3  
  75  5:57  Drone x4  
  83  6:02  Mutalisk  
  83  6:03  Mutalisk  
  89  6:06  Overlord x3  
  89  6:07  Overseer  
  89  6:13  Pneumatized Carapace  
  89  6:27  Mutalisk x9  
  89  6:31  Mutalisk  
  109  6:46  Zerg Flyer Weapons Level 1  
  109  6:48  Infestation Pit  
  109  6:52  Hatchery  
  106  6:55  Mutalisk  
  106  6:56  Mutalisk  
  110  7:01  Overlord  
  110  7:02  Overlord x2  
  110  7:18  Mutalisk  
  110  7:19  Mutalisk  
  114  7:24  Mutalisk  
  114  7:25  Mutalisk  
  118  7:32  Mutalisk  
  118  7:33  Mutalisk  
  115  7:42  Zergling x10  
  115  7:43  Zergling x8  
  124  7:47  Mutalisk  
  124  7:48  Mutalisk  
  124  7:51  Hatchery  
  127  7:55  Hive  
  127  8:09  Mutalisk x2  
  127  8:11  Drone x4  
  127  8:12  Drone x11  
  144  8:24  Evolution Chamber  
  144  8:26  Evolution Chamber  
  142  8:28  Mutalisk  
  144  8:40  Extractor  
  139  8:41  Extractor  
  139  8:43  Mutalisk x3  
  139  8:45  Mutalisk  
  139  8:46  Overlord x3  
  139  8:47  Overlord x3  
  143  9:01  Overlord x3  
  143  9:02  Overlord  
  141  9:11  Hatchery  
  140  9:18  Mutalisk x5  
  150  9:28  Mutalisk  
  150  9:30  Zergling x32  
  150  9:31  Zergling x4  
  170  9:34  Mutalisk  
  172  9:43  Mutalisk x2  
Show
View Real Time Build Order
Export as new Build Order

A.I. 1 (Medium) Protoss 

Build Orders:  

Get SALT Encoding   

  12  0:01  Probe (Chrono Boost)  
  13  0:11  Probe (Chrono Boost)  
  14  0:19  Pylon  
  14  0:22  Probe (Chrono Boost)  
  15  0:38  Probe (Chrono Boost)  
  16  0:47  Assimilator  
  16  0:48  Probe (Chrono Boost), Gateway  
  17  0:59  Probe (Chrono Boost), Pylon  
  18  1:28  Gateway  
  18  1:33  Assimilator  
  18  1:35  Zealot  
  18  1:38  Cybernetics Core  
  20  2:00  Zealot  
  22  2:09  Warp Gate  
  22  2:11  Pylon  
  22  2:15  Adept  
  24  2:35  Zealot  
  26  2:53  Pylon  
  26  2:54  Zealot  
  29  3:06  Probe (Chrono Boost)  
  29  3:14  Zealot  
  29  3:18  Probe (Chrono Boost)  
  32  3:27  Forge  
  32  3:30  Probe (Chrono Boost)  
  32  3:33  Stalker  
  36  3:42  Probe (Chrono Boost)  
  36  3:46  Pylon  
  36  3:52  Stalker  
  36  3:54  Probe (Chrono Boost)  
  38  4:05  Probe (Chrono Boost)  
  39  4:14  Adept  
  42  4:17  Probe (Chrono Boost)  
  42  6:18  Probe (Chrono Boost)  
  42  6:37  Probe (Chrono Boost)  
  42  6:50  Sentry  
  42  6:53  Robotics Facility  
  44  6:55  Photon Cannon  
  44  6:56  Photon Cannon  
  44  6:57  Nexus  
  44  6:59  Stargate  
  44  7:02  Twilight Council  
  44  7:03  Stalker  
  44  7:06  Forge  
  46  7:11  Pylon  
  46  7:13  Gateway  
  46  7:17  Stalker  
  48  7:30  Stalker  
  38  7:39  Observer  
  33  7:44  Sentry  
  35  7:54  Void Ray  
  39  7:59  Observer  
  38  8:11  Stalker  
  40  8:13  Pylon  
  40  8:14  Probe (Chrono Boost)  
  40  8:17  Immortal  
  39  8:21  Probe (Chrono Boost)  
  39  8:26  Probe (Chrono Boost)  
  44  8:29  Assimilator  
  44  8:32  Stalker  
  44  8:33  Probe (Chrono Boost)  
  47  8:37  Void Ray  
  47  8:38  Probe (Chrono Boost)  
  48  8:44  Probe (Chrono Boost)  
  39  8:52  Adept  
  33  9:03  Zealot  
  29  9:11  Zealot  
  33  9:25  Zealot  
  23  9:36  Probe (Chrono Boost)  
  13  9:57  Pylon  
Tags
 
Add a new tag
Caveats
  • Supply blocks, unpowered buildings, or Contaminate may cause inaccurate times.
  • Supply counts are checked every 10 seconds.